 BcadrenCrawl: Boulder Brew version 0.03.3.1 (webtiles) character file.

Game seed: 9195640311836578892, levelgen mode: deterministic

236 Chiseanne the Ducker (level 6, -17/43 HPs) Goblin Demonspawn. Began on Mar 13, 2021. Demolished by an ogre ... wielding a cursed +5 giant club {(Curse: *Corrode Fragile)} (32 damage) ... on level 3 of the Dungeon. The game lasted 00:04:52 (1192 turns).

Chiseanne the Ducker (Goblin Demonspawn)            Turns: 1192, Time: 00:04:53

Health: -17/43     AC:  6    Str:  8    XL:     6 ^: 181
Magic:  7/7        EV: 16    Int:  6    God:
Gold:   1423       SH:  0    Dex:  6    Spells: 6/7 levels left

rFire    . . .     Vision   .   a - +2 rapier
rCold    . . .     Gourm    .   c - +0 short sword
rNeg     . . .     Faith    .   f - +0 ring mail
rPois    .         Spirit   .   (no helmet)
rElec    .         Reflect  .   k - +0 cloak
rCorr    .         Harm     .   h - +0 pair of clawed gauntlets
MR       .....                  (no boots)
Stlth    +.........             (no amulet)
HPRegen  0.24/turn              (no ring)
MPRegen  0.17/turn              (no ring)

@: no status effects
A: small, stagnant stats, goblin's greed, repulsion field 1, low mp 1, mutation
resistance 1, powered by death 1, powered by pain 1, god's pity 2
a: no special abilities


You were on level 3 of the Dungeon.
You were not hungry.

You visited 1 branch of the dungeon, and saw 3 of its levels.

You collected 1185 gold pieces.

Inventory:

Weapons
 a - a +2 rapier (weapon)
 c - a +0 short sword (weapon)
Armour
 f - a +0 ring mail (worn)
 h - a +0 pair of clawed gauntlets (worn)
 k - a +0 cloak (worn)
Jewellery
 l - an uncursed ring of ice
Wands
 n - a wand of enslavement (6)
Scrolls
 m - a scroll of teleportation
Potions
 b - a potion of mutation
 e - a potion of might
 g - 2 potions of curing
 j - a potion of invisibility
Comestibles
 d - 3 rations
 i - 4 chunks of flesh


   Skills:
 * Level 3.6 Fighting
 * Level 4.4 Short Blades
 * Level 3.0 Armour
 * Level 5.3 Dodging
 - Level 2.6 Stealth
 - Level 1.3 Spellcasting
 - Level 2.6 Fire Magic
   Level 4.0 Invocations


You had 6 spell levels left.
You knew the following spells:

 Your Spells              Type           Power        Failure   Level  Hunger
a - Flame Tongue          Fire           3 (30)       24%         1    ##.....

Your spell library contained the following spells:

 Spells                   Type           Power        Failure   Level  Hunger
 Conjure Flame            Fire           3 (100)      58%         3    ####...
 Blink                    Tloc           N/A          73%         2    ###....
 Call Imp                 Summ           0 (100)      73%         2    ###....
 Slow                     Hex            0 (100)      73%         2    ###....
 Mephitic Cloud           Pois/Air       0 (100)      91%         3    ####...


Dungeon Overview and Level Annotations

Branches:
Dungeon (3/8)

Altars:


Innate Abilities, Weirdness & Mutations

Your stats never grow through leveling.
Your goblin ancestry allows you to find more gold. (+20%)
You are small and have problems with some larger weapons.
You are surrounded by a mild repulsion field. (EV +2)
Your magical capacity is low. (-10% MP)
You are somewhat resistant to further mutation.
You regenerate a little health from kills.
You sometimes gain a little power by taking damage.
The pity of the gods increases the power of your passive and invoked divine abilities.


Message History

Aim: an ogre, wielding a +0 giant club (healthy (26/26), chance to defeat MR: 41%)
The ogre is charmed.
What are your orders? t - Shout!
Orders for allies: a - Attack new target. p - Attack previous target. r - Retreat! s - Stop attacking. g - Guard the area. f - Follow me.
Anything else - Cancel.
Gang up on whom?
Press: ? - help, Dir - move target cursor, f - ogre, p - ogre
Aim: an ogre, wielding a cursed +5 giant club {(Curse: *Corrode Fragile)} (healthy (28/28)) Attack!
You barely miss the ogre. You hit the ogre (3).
The ogre hits you with a cursed +5 giant club {(Curse: *Corrode Fragile)} (28)!!
Ouch! That really hurt!
Your ogre barely misses the ogre (0).
You puncture the ogre (8)! You hit the ogre (5).
The ogre hits you with a cursed +5 giant club {(Curse: *Corrode Fragile)} (32)!!
Ouch! That really hurt!
You die...

#.....†##.....
#............. # ##
##......#..>...
#.##.###.....).###.<..
...÷..........###....
# #..#..........#....
#. #..O<##.......#....
#. ###O.##.......#....
#..##@...#.......#...#
#..#..##.#...........#
#....###.#...[.......#
#.##..................
# #.###..............
#.##..###.....>...[...
#..............[......
#####.###.######.#.###
#.# #.# #


You could see an ogre and a friendly ogre.

Vanquished Creatures
  2 jellies (D:2)
  2 giant cockroaches (D:1)
  An adder (D:3)
  6 sewer rats (D:1)
  2 cinder newts
  3 worms (D:2)
  2 dart slugs (D:1)
  3 leopard geckos (D:1)
  An orc (D:3)
  9 bats (D:1)
  4 goblins (D:1)
  3 hobgoblins (D:1)
  A quokka (D:3)
  A bat skeleton (D:2)
  5 kobolds (D:1)
  7 rats (D:1)
52 creatures vanquished.

Vanquished Creatures (others)
  12 withered plants (D:2)
12 creatures vanquished.

Grand Total: 64 creatures vanquished

Notes
Turn   | Place    | Note
-------+----------+-------------------------------------------
     0 | D:1      | Chiseanne the Goblin Demonspawn began the quest for the
                  | Orb.
     0 | D:1      | Reached XP level 1. HP: 13/13 MP: 2/2
   220 | D:1      | Gained mutation: You regenerate a little health from kills.
                  | [demonic ancestry]
   220 | D:1      | Reached XP level 2. HP: 10/19 MP: 3/3
   331 | D:1      | Reached XP level 3. HP: 24/24 MP: 4/4
   384 | D:1      | Reached skill level 1 in Armour
   488 | D:1      | Gained mutation: You sometimes gain a little power by
                  | taking damage. [demonic ancestry]
   488 | D:1      | Reached XP level 4. HP: 29/30 MP: 5/5
   509 | D:1      | Identified a scroll of acquirement
   954 | D:1      | Reached XP level 5. HP: 23/36 MP: 6/6
  1021 | D:1      | Reached skill level 5 in Dodging
  1066 | D:3      | Gained mutation: You are surrounded by a mild repulsion
                  | field. (EV +2) [demonic ancestry]
  1066 | D:3      | Reached XP level 6. HP: 42/42 MP: 7/7
  1192 | D:3      | Demolished by an ogre

Levels and vault maps discovered:
D:1:      roderic_crossed_star, layout_loops_ring, first_ration,
          chequers_decorated_corner
D:2:      layout_sewer, sewer_minmay_treatment, uniq_natasha
D:3:      layout_rooms, lemuel_round_altar, minitemple, gammafunk_ghost_split,
          grunt_ogre_cave

Skill      XL: |  1  2  3  4  5  6 |
---------------+-------------------+-----
Short Blades   | 3 4 |  4.4
Fighting       | 2 3 |  3.6
Armour         | 1 2 3 |  3.0
Dodging        | 5 |  5.3
Stealth        | |  2.6
Spellcasting   | |  1.3
Fire Magic     | |  2.6
Invocations    | |  4.0

Action                   |  1- 3 |  4- 6 || total
-------------------------+-------+-------++-------
Melee: Rapier            |    55 |    60 ||   115
       Unarmed           |     6 |       ||     6
       Short sword       |    27 |    43 ||    70
Evoke: Wand              |       |     1 ||     1
  Use: Scroll            |     3 |     1 ||     4
  Eat: Chunk             |       |     1 ||     1
Armor: Leather armour    |     2 |       ||     2
       Ring mail         |     9 |    14 ||    23
Dodge: Dodged            |    49 |    73 ||   122
